 Dungeon Crawl Stone Soup version 0.17.0-28-g6e173f8 (webtiles) character file.

1264942 xeno23 the Swordmaster (level 27, -8/273 HPs)
             Began as a Hill Orc Fighter on Nov 21, 2015.
             Was the Champion of Beogh.
             Killed from afar by a Hell Sentinel (20 damage)
             ... with a blast of hellfire
             ... on level 7 of the Iron City of Dis on Nov 22, 2015.
             The game lasted 17:23:06 (88554 turns).

xeno23 the Swordmaster (Hill Orc Fighter)          Turns: 88554, Time: 17:23:06

Health: -8/273     AC: 53    Str: 46    XL:     27
Magic:  25/30      EV:  2    Int: 15    God:    Beogh [******]
Gold:   14160      SH:  0    Dex: 24    Spells: 11 memorised, 11 levels left

rFire  + + +     SeeInvis +     s - +9 eudemon blade (holy)
rCold  + + +     Rnd*Rage +     i - +8 gold dragon armour
rNeg   + + +     SustAt   .     m - +2 shield {rC+ rF+}
rPois  ∞         Gourm    .     O - +2 helmet {SInv}
rElec  +         Spirit   .     c - +2 cloak of Starlight {rElec rC+ EV+4 Stlth--}
rCorr  .         Warding  .     b - +2 pair of gloves of the Sturgeon {rC+ Str+2 Int+3 Dex+4}
rMut   +         Stasis   .     A - +1 pair of boots of Protective Custody {+Fly Int+2 Dex+3}
MR     ++...                    C - amulet of resist mutation
Stlth  ..........               Y - ring "Cunkizukk" {+Fly EV+2 Str+4 Int+2 Slay+3}
                                W - ring of Bican {rF+ EV+4 Str+6 Dex+3}

@: about to teleport, petrified, repel missiles, drained, very resistant to
hostile enchantments, extremely unstealthy
A: walk on water, iridescent scales 1, slimy green scales 1, agile 1, berserk 2,
deformed body, deterioration 1, low mp 2, sense surroundings 1, poison
resistance, strong 2, subdued magic 1, MP-powered wands
a: Smiting, Recall Orcish Followers, Give Item to Named Follower, Renounce
Religion, Evoke Flight
}: 13/15 runes: decaying, slimy, silver, obsidian, icy, bone, abyssal, demonic,
glowing, magical, fiery, dark, gossamer


You were on level 7 of the Iron City of Dis.
You worshipped Beogh.
Beogh was exalted by your worship.
You were very hungry.

You visited 17 branches of the dungeon, and saw 92 of its levels.
You visited Pandemonium 1 time, and saw 26 of its levels.
You visited the Abyss 5 times.
You visited 1 bazaar.
You visited 1 ziggurat, and saw 14 of its levels.
You also visited: Labyrinth, Trove, Ossuary and Ice Cave.

You collected 17162 gold pieces.
You spent 3002 gold pieces at shops.

Inventory:

Hand Weapons
 s - a +9 eudemon blade of holy wrath (weapon)
 E - the +7 Singing Sword
   (You found it in an ice cave)
 T - the +13 Scythe of Curses {drain, *Curse}
   (You found it on level 1 of the Depths)

   A truly terrible weapon, it drains the life of those it strikes.
   It may re-curse itself when equipped.
Armour
 b - the +2 pair of gloves of the Sturgeon (worn) {rC+ Str+2 Int+3 Dex+4}
   (You found it on level 7 of Gehenna)

   It affects your strength (+2).
   It affects your intelligence (+3).
   It affects your dexterity (+4).
   It protects you from cold.
 c - the +2 cloak of Starlight (worn) {rElec rC+ EV+4 Stlth--}
   (You took it off a white draconian on level 1 of the Realm of Zot)

   It affects your evasion (+4).
   It protects you from cold.
   It insulates you from electricity.
   It makes you much less stealthy.
 i - a +8 gold dragon armour (worn)
 m - a +2 shield of resistance (worn)
 A - the +1 pair of boots of Protective Custody (worn) {+Fly Int+2 Dex+3}
   (You found it in a treasure trove)

   It affects your intelligence (+2).
   It affects your dexterity (+3).
   It lets you fly.
 O - a +2 helmet of see invisible (worn)
Rods
 v - a +4 rod of inaccuracy (10/10)
   (You found it in Pandemonium)
 M - a +9 rod of ignition (17/17)
   (You found it on level 2 of the Depths)
Jewellery
 o - the ring of the Barracuda {+/*Tele rC+ MP+9 Str+3}
   (You took it off a skeletal warrior on level 7 of Tartarus)

   [ring of teleportation]

   It may teleport you to nearby monsters, and can be evoked to randomly
   teleport.
   It affects your strength (+3).
   It protects you from cold.
   It affects your magic capacity (+9).
 u - an uncursed amulet of regeneration
 C - an amulet of resist mutation (around neck)
 J - the brooch of Shielding {Ward rN+ AC+4 EV+4}
   (You found it on level 11 of a ziggurat)

   [amulet of warding]

   It may prevent the melee attacks of summoned creatures.
   It affects your AC (+4).
   It affects your evasion (+4).
   It protects you from negative energy.
 P - the ring of the Mage {Wiz MR++ Int+3}
   (You found it on level 6 of the Pits of Slime)

   [ring of wizardry]

   It improves your spell success rate.
   It affects your intelligence (+3).
   It affects your resistance to hostile enchantments.
 W - the ring of Bican (left hand) {rF+ EV+4 Str+6 Dex+3}
   (You found it on level 12 of the Dungeon)

   [ring of evasion]

   It affects your evasion (+4).
   It affects your strength (+6).
   It affects your dexterity (+3).
   It protects you from fire.
 Y - the ring "Cunkizukk" (right hand) {+Fly EV+2 Str+4 Int+2 Slay+3}
   (You found it on level 5 of the Vaults)

   [ring of evasion]

   It affects your evasion (+2).
   It affects your strength (+4).
   It affects your intelligence (+2).
   It affects your accuracy and damage with ranged weapons and melee attacks
   (+3).
   It lets you fly.
Wands
 k - a wand of invisibility (4)
 w - a wand of digging (3)
 x - a wand of polymorph (17)
 y - a wand of lightning (10)
 z - a wand of heal wounds (0)
Scrolls
 f - 39 scrolls of remove curse
 h - 21 scrolls of teleportation
 l - a scroll of summoning
 n - 6 scrolls of enchant weapon
 q - 2 scrolls of blinking
 H - 2 scrolls of silence
 L - 3 scrolls of identify
 N - 8 scrolls of recharging
 Q - 11 scrolls of magic mapping
 R - 16 scrolls of fear
 V - 11 scrolls of fog
Potions
 e - 2 potions of agility
 g - 2 potions of haste
 j - 14 potions of curing
 p - a potion of heal wounds
 r - 3 potions of might
 G - a potion of cancellation
 S - 3 potions of invisibility
 U - 5 potions of berserk rage
 Z - 5 potions of resistance
Miscellaneous
 a - the horn of Geryon
 d - a box of beasts {used: 2}
 D - a sack of spiders
Comestibles
 B - 6 meat rations
 K - 52 fruits


   Skills:
 O Level 27(25.8) Fighting
 O Level 27(25.8) Long Blades
   Level 15.6(14.7) Crossbows
 O Level 27(25.8) Armour
 * Level 22.0(21.0) Dodging
 - Level 16.2(15.3) Shields
 - Level 7.0(6.3) Spellcasting
 - Level 8.7(8.0) Hexes
 + Level 13.5(12.7) Charms
 * Level 16.6(15.7) Necromancy
 - Level 15.5(14.6) Translocations
 - Level 5.1(4.4) Invocations
 + Level 21.7(20.7) Evocations


You had 11 spell levels left.
You knew the following spells:

 Your Spells              Type           Power        Failure   Level  Hunger
a - Infusion              Chrm           ####..       1%          1    None
b - Blink                 Tloc           N/A          1%          2    #......
c - Apportation           Tloc           ####......   0%          1    None
d - Spectral Weapon       Hex/Chrm       ###.....     1%          3    ##.....
e - Regeneration          Chrm/Necr      ####......   1%          3    ##.....
f - Passage of Golubria   Tloc           N/A          1%          4    ####...
g - Summon Butterflies    Summ           #.......     32%         1    None
q - Dispel Undead         Necr           ####....     1%          5    ######.
r - Repel Missiles        Chrm/Air       ###...       3%          2    #......
s - Song of Slaying       Chrm           ####....     1%          2    #......
x - Phase Shift           Tloc           ####......   1%          5    ######.


Dungeon Overview and Level Annotations

Branches:
Dungeon (15/15)            Temple (1/1) D:7            Lair (8/8) D:11
  Swamp (4/4) Lair:6       Spider (4/4) Lair:5        Slime (6/6) Lair:7
    Orc (4/4) D:9             Elf (3/3) Orc:4        Vaults (5/5) D:13
  Crypt (3/3) Vaults:3       Tomb (0/3) Crypt:3      Depths (5/5) D:15
   Hell (1/1)                 Dis (7/7) Hell            Geh (7/7) Hell
    Coc (7/7) Hell            Tar (7/7) Hell            Zot (5/5) Depths:5

Altars:
Ashenzari
Cheibriados
Dithmenos
Fedhas
Gozag
Kikubaaqudgha
Nemelex Xobeh
Ru
Trog
Vehumet
Yredelemnul
The Shining One

Shops:
D:11 *:((   D:15 (   Orc:4 ==%=?   Vaults:2 ?   Vaults:5 :   Depths:3 :
Depths:5 *

Portals:
Hell: Depths:1 Depths:2 Depths:3 Depths:4 Depths:5
Abyss: Depths:4 Depths:5
Pandemonium: Depths:1 Depths:2 Depths:3 Depths:4


Innate Abilities, Weirdness & Mutations

You can walk on water.
You are partially covered in iridescent scales (AC +4).
You are partially covered in slimy green scales (AC +2).
You are agile. (Dex +2)
You often lose your temper in combat.
Armour fits poorly on your strangely shaped body.
Your body sometimes deteriorates upon taking damage.
Your magical capacity is very low (-20% MP).
You passively map a small area around you.
Your system is resistant to poisons.
Your muscles are very strong. (Str +4)
Your spells are a little easier to cast, but a little less powerful.
You expend magic power (3 MP) to strengthen your wands.


Message History

The Brimstone Fiend hits you but does no damage. x3
The Hell Sentinel gestures at you.
The hellfire explodes!
The blast of hellfire engulfs you!
* * * LOW HITPOINT WARNING * * *
The blast of hellfire engulfs the Brimstone Fiend.
The Brimstone Fiend completely resists.
The blast of hellfire engulfs the Hell Sentinel.
The Hell Sentinel completely resists.
The red devil hits you from afar with a demon trident of electrocution!
* * * LOW HITPOINT WARNING * * *
The Brimstone Fiend gestures at you.
The hellfire explodes!
The blast of hellfire engulfs you!
* * * LOW HITPOINT WARNING * * *
The blast of hellfire engulfs the Brimstone Fiend.
The Brimstone Fiend completely resists.
The blast of hellfire engulfs the Hell Sentinel.
The Hell Sentinel completely resists.
The Hell Sentinel gestures at you.
The hellfire explodes!
The blast of hellfire engulfs you!
You die...

############***************
..#.........,,,,,,,,,,,,,,*
..#.........,,,,,,,,,,,,,,*
..'.........,,,,,,,,,,,,,,*
..#.........,,,,,,,,,,,,,,*
..#......##############,,,*
###......#....4..1....#,,,*
..#......#......@1....#,,,*
###..#####..#########'#**,*
..#..'.#....#,...1......#,*
..#..'.#....#,.1........#,*
..#..#....###,.#######..#,*
..#..#....#,,,,*,,,,,*..#,*
###..#....#,,,,*,,,,,*..#,*
..#..#....#,,,,+,,,,,*..#,*
..#..#....#,,,,*,,,,,*..#,*


You could see a Hell Sentinel, a Brimstone Fiend and a red devil.

Vanquished Creatures
  Cerebov (Pan)
  Antaeus (Coc:7)
  Asmodeus (Geh:7)
  the royal jelly (Slime:6)
  Ereshkigal (Tar:7)
  the Serpent of Hell (Tar:7)
  Mnoleg (Pan)
  Khufu (Crypt:3)
  10 ancient liches
  5 orbs of fire (Zot:5)
  The ghost of Sar the Phalangite, a legendary CeSk of Okawaru (Zot:3)
  2 juggernauts (Depths:5)
  Sojobo (Depths:5)
  Boris (twice) (Depths:5 Crypt:1)
  2 pandemonium lords (Pan)
  12 shard shrikes
  the Lernaean hydra (Swamp:4)
  2 curse toes
  4 Killer Klowns
  Geryon (Hell)
  2 caustic shrikes
  6 golden dragons
  A golden dragon (shapeshifter) (Depths:2)
  2 profane servitors
  Xtahua (Depths:5)
  9 bone dragons
  22 Brimstone Fiends
  2 electric golems (Zot:5)
  A hellephant (Dis:6)
  Jorgrun (Crypt:1)
  A shard shrike zombie (Crypt:2)
  21 Ice Fiends
  An orc warlord (Vaults:5)
  12 tentacled monstrosities
  16 Hell Sentinels
  24 Orb Guardians (Zot:5)
  7 titans
  2 quicksilver dragons (Vaults:5)
  4 deep elf blademasters
  13 liches
  13 Shadow Fiends
  2 deep elf master archers (Elf:3)
  6 sphinxes
  21 acid blobs
  30 Executioners
  4 death cobs
  5 eldritch tentacles
  A thorn hunter (Zig:9)
  13 tentacled starspawn
  7 ancient champions
  Agnes (Elf:1)
  2 octopode crushers
  The ghost of BLOAX the Severer, an adept GrFi of Cheibriados (Slime:6)
  2 greater nagas (Zig:7)
  2 draconian monks
  10 storm dragons
  4 revenants
  16 shadow dragons
  8 tengu reavers
  2 daevas
  4 corrupters (Pan)
  10 fire giants
  21 balrugs
  6 deep elf sorcerers (Elf:3)
  Donald (Vaults:3)
  10 iron dragons
  Maud (D:14)
  A ghost moth (shapeshifter) (Depths:2)
  13 frost giants
  8 draconian knights
  8 ghost moths
  24 cacodemons
  A fire giant (shapeshifter) (Depths:2)
  An emperor scorpion (Spider:4)
  Aizul (Depths:1)
  Louise (Depths:4)
  7 draconian scorchers
  12 azure jellies
  5 curse skulls
  9 draconian zealots
  2 juggernaut zombies (Zig:11)
  11 vault wardens
  35 reapers
  7 draconian shifters
  25 very ugly things
  8 warmongers (Pan)
  8 ghouls
  6 war gargoyles
  9 draconian annihilators
  9 ironheart preservers
  7 salamander firebrands
  2 spriggan defenders (Depths:4)
  5 elemental wellsprings
  17 green draconians
  20 stone giants
  9 draconian callers
  6 chaos champions
  11 deep elf annihilators
  4 mottled draconians
  7 blood saints (Pan)
  13 vampire knights
  9 deep elf demonologists
  4 black suns (Pan)
  8 lorocyprocas
  8 purple draconians
  6 black draconians
  3 salamander stormcallers
  10 red draconians
  14 yellow draconians
  7 white draconians
  An eidolon (Crypt:2)
  2 pearl dragon zombies (Depths:4)
  A merfolk javelineer (Depths:1)
  A minotaur (Lab)
  6 crystal guardians (Depths:2)
  11 deep elf death magi
  27 blizzard demons
  13 death oozes
  2 mummy priests (Crypt:3)
  6 ettins
  27 vault guards
  11 green deaths
  A merfolk impaler (Depths:1)
  17 yaktaur captains
  14 fire dragons
  17 jiangshi
  8 entropy weavers
  3 quicksilver dragon zombies
  7 deep elf high priests
  A ghost crab (shapeshifter) (Depths:2)
  A kraken zombie (Coc:1)
  6 quicksilver dragon skeletons
  A naga warrior (Zig:7)
  An orc high priest (Zot:4)
  9 rakshasas
  9 great orbs of eyes
  5 spriggan air magi
  5 death knights
  28 ice dragons
  7 monstrous demonspawn (Pan)
  6 hell beasts
  19 hydras
  7 ogre magi
  An alligator snapping turtle (shapeshifter) (Depths:2)
  5 centaur warriors
  22 dancing weapons
  9 deep troll shamans
  11 unseen horrors
  4 ghost crabs
  2 death yaks (Lair:8)
  72 large abominations
  2 titan zombies
  A naga sharpshooter (Zig:7)
  4 deep troll earth magi
  7 vampire magi
  8 alligators
  3 tengu warriors
  10 thrashing horrors (Abyss:1)
  21 hell hogs
  A shock serpent (Zig:7)
  Urug (D:10)
  30 soul eaters
  8 spriggan berserkers
  20 deep trolls
  39 sun demons
  33 hell knights
  2 storm dragon zombies
  18 deep elf knights
  3 titan skeletons
  15 wretched stars
  2 naga magi
  95 skeletal warriors
  24 shadow wraiths
  6 spatial maelstroms
  A fire crab (Vaults:4)
  A cherub (Abyss:1)
  2 ghost moth zombies
  3 anaconda zombies
  A ball lightning (Depths:2)
  6 salamander mystics
  19 iron trolls
  15 giant orange brains
  A golden dragon zombie (Coc:7)
  3 storm dragon skeletons
  52 ice devils
  A deep troll (shapeshifter) (Depths:2)
  A hill giant (shapeshifter) (Depths:4)
  9 necromancers
  5 infernal demonspawn (Pan)
  6 deep elf summoners
  A spectral hydra (Crypt:3)
  52 starcursed masses (Abyss:1)
  6 putrid demonspawn (Pan)
  5 ironbrand convokers
  2 shambling mangroves
  A harpy (Vaults:4)
  10 swamp dragons
  4 obsidian statues (Depths:2)
  15 flayed ghosts
  A sea snake (shapeshifter) (Depths:4)
  6 anaconda skeletons
  A golden dragon skeleton (Geh:7)
  12 gelid demonspawn (Pan)
  3 shadow dragon zombies
  20 deep elf conjurers
  8 orc knights
  16 shadow demons
  4 torturous demonspawn (Pan)
  2 kraken simulacra (Coc:7)
  14 orb spiders
  3 wolf spider zombies
  12 hill giants
  51 ugly things
  7 iron dragon zombies
  3 wizards (Pan)
  An orc sorcerer (Elf:1)
  19 wolf spiders
  A griffon (D:13)
  3 fire giant zombies
  12 phantasmal warriors
  3 shadow dragon skeletons
  4 frost giant zombies
  6 oklob plants
  4 manticores
  A griffon (shapeshifter) (Depths:3)
  A sphinx skeleton (Vaults:4)
  5 stone giant zombies
  16 moths of wrath
  6 shining eyes
  2 worldbinders (Abyss:1)
  A faun (shapeshifter) (Depths:2)
  6 elephants
  3 cyclopes
  A shock serpent zombie (Abyss:1)
  4 hornets
  8 frost giant skeletons
  3 iron dragon skeletons
  A titan simulacrum (Abyss:1)
  10 vault sentinels
  2 guardian serpents (shapeshifter)
  A spriggan zombie (Zig:11)
  3 eyes of devastation
  3 jumping spiders
  16 salamanders
  22 sixfirhies (Pan)
  3 stone giant skeletons
  5 black mambas
  3 dire elephant zombies
  16 spiny frogs
  2 apis skeletons (Depths:4)
  3 guardian serpents
  27 rust devils
  8 ice statues
  5 fire giant skeletons
  34 smoke demons
  A torpor snail (shapeshifter) (Depths:4)
  15 molten gargoyles
  28 orange demons
  3 torpor snails
  3 efreet
  3 apocalypse crabs (Abyss:1)
  A shock serpent skeleton (Geh:3)
  An eye of devastation (shapeshifter) (Depths:2)
  4 gargoyles
  An anaconda simulacrum (Hell)
  A spriggan skeleton (Zig:11)
  2 dire elephant skeletons
  2 emperor scorpion zombies
  A black mamba (shapeshifter) (Vaults:4)
  2 catoblepas zombies
  29 hellions
  47 freezing wraiths
  14 demonic crawlers
  2 catoblepas skeletons
  A kobold demonologist (Vaults:1)
  44 tormentors
  29 red devils
  3 spriggan druids
  A fire drake (Lair:5)
  23 hellwings
  A tengu conjurer (Depths:4)
  4 komodo dragons
  38 yaktaurs
  7 guardian mummies (Crypt:3)
  A fire drake (shapeshifter) (Depths:5)
  2 harpy zombies
  An entropy weaver zombie (Crypt:2)
  12 ancient zymes
  12 deep elf priests
  4 silent spectres
  A jumping spider (shapeshifter) (Depths:1)
  A polar bear (shapeshifter) (Depths:2)
  A troll (shapeshifter) (Vaults:1)
  4 trolls
  6 blink frogs
  A snapping turtle (shapeshifter) (Depths:2)
  12 hydra zombies
  A shadow dragon simulacrum (Abyss:1)
  A polar bear (Lair:4)
  35 blue devils
  A harpy skeleton (D:15)
  20 raiju
  10 two-headed ogres
  A two-headed ogre (shapeshifter) (Zig:10)
  5 hydra skeletons
  A queen bee (shapeshifter) (Depths:4)
  9 giant leeches
  A wind drake (Depths:2)
  An alligator zombie (Coc:1)
  7 ettin zombies
  4 boulder beetles
  3 trapdoor spiders
  4 ice dragon zombies
  69 slime creatures
  14 bog bodies
  A tarantella zombie (Crypt:1)
  A frost giant simulacrum (Crypt:3)
  A tarantella (shapeshifter) (Vaults:2)
  5 alligator skeletons
  25 redbacks
  A trapdoor spider (shapeshifter) (Vaults:2)
  3 black mamba zombies
  121 flying skulls
  13 vampires
  24 ynoxinuls
  45 small abominations
  6 fire dragon zombies
  2 fire dragon skeletons
  13 shadows
  2 wyverns
  7 hungry ghosts
  26 water elementals
  11 air elementals
  2 black mamba skeletons
  3 ettin skeletons
  5 ice dragon skeletons
  A human (shapeshifter) (Depths:5)
  18 tarantellas
  32 wraiths
  3 golden eyes
  A redback (shapeshifter) (Depths:2)
  22 yaks
  45 neqoxecs
  22 deep elf fighters
  26 chaos spawn
  36 deep elf magi
  A hog (shapeshifter) (Depths:3)
  A yak (shapeshifter) (Abyss:1)
  A yaktaur simulacrum (Vaults:2)
  16 spriggans
  18 fire elementals
  14 vampire mosquitoes
  7 fire bats
  7 hippogriffs
  An elf skeleton (Zig:11)
  A gelid demonspawn zombie (Crypt:1)
  28 swamp worms
  Menkaure (D:7)
  2 spatial vortices (Abyss:1)
  5 wargs
  10 wolves
  22 insubstantial wisps
  3 nagas
  9 water moccasins
  4 spiny frog zombies
  31 hell hounds
  A spectral snapping turtle (Crypt:3)
  9 spiders
  19 orc warriors
  2 porcupines
  2 spiny frog skeletons
  18 swamp drakes
  A black bear (Lair:5)
  11 ice beasts
  5 sky beasts
  A black bear (shapeshifter) (Vaults:5)
  A hydra simulacrum (Coc:6)
  A ghost crab zombie (Crypt:2)
  A lindwurm zombie (Crypt:1)
  An alligator simulacrum (Crypt:1)
  9 boggarts
  5 centaurs
  8 eyes of draining
  16 necrophages
  16 wasps
  33 ogres
  2 snapping turtle zombies
  A phantom (Tar:7)
  3 manticore skeletons
  A black mamba simulacrum (Coc:6)
  2 swamp dragon skeletons (Coc:7)
  2 snapping turtle skeletons (Coc:6)
  A big kobold (shapeshifter) (Depths:4)
  11 crocodiles
  2 big kobolds
  6 elf zombies
  5 brain worms
  2 crocodiles (shapeshifter)
  12 giant frogs
  10 earth elementals
  A troll zombie (Dis:7)
  2 killer bees
  A yak zombie (Crypt:1)
  45 wights
  3 hounds
  13 crimson imps
  2 human simulacra (Vaults:4)
  A wasp zombie (Crypt:2)
  3 electric eels
  2 wolf skeletons
  11 orc priests
  20 jellies
  6 quasits
  4 centaur skeletons
  3 human zombies
  23 iron imps
  13 orc wizards
  5 centaur zombies
  A giant frog skeleton (D:13)
  7 iguanas
  12 worker ants
  Terence (D:3)
  A human skeleton (Pan)
  4 troll simulacra (IceCv)
  3 hell rats (Hell)
  A lightning spire (Zig:14)
  A sheep (shapeshifter) (Depths:2)
  9 sheep
  A felid skeleton (Crypt:1)
  A centaur simulacrum (IceCv)
  2 hound skeletons
  6 mummies
  3 naga simulacra (IceCv)
  16 adders
  5 gnolls
  2 ogre simulacra (IceCv)
  5 shadow imps
  34 river rats
  28 white imps
  4 ufetubi
  2 oozes
  4 adder skeletons
  An adder zombie (D:7)
  A giant gecko (D:2)
  53 orcs
  7 giant cockroaches
  12 hobgoblins
  14 kobolds
  3 quokkas
  8 bats
  6 giant newts
  4 goblins
  A goblin skeleton (Crypt:2)
  4 goblin zombies (Ossuary)
  9 hobgoblin zombies (Ossuary)
  6 jackals
  2 jackal skeletons (D:5)
  A jackal zombie (Ossuary)
  11 kobold zombies (Ossuary)
  An orc skeleton (Pan)
  4 orc zombies (Ossuary)
  A quokka skeleton (Crypt:2)
  A quokka zombie (D:6)
  15 rats
  2 rat zombies (Ossuary)
  3 crawling corpses
  5 fire vortices
  A fungus (Lair:8)
  A lurking horror (Abyss:1)
  3 plants
  14 starspawn tentacles (Abyss:1)
  5 tentacles
  A tentacle segment (Coc:7)
4193 creatures vanquished.

Vanquished Creatures (collateral kills)
  Gloorx Vloq (Pan)
  Lom Lobon (Pan)
  An ancient lich (Depths:3)
  Mara (Crypt:1)
  A Killer Klown (Zot:4)
  A caustic shrike (Depths:4)
  A golden dragon (Zot:1)
  Jory (Crypt:1)
  Arachne (Spider:4)
  An electric golem (Zot:2)
  A tentacled monstrosity (Zot:3)
  A Shadow Fiend (Pan)
  2 titans (Pan)
  An acid blob (Slime:6)
  3 death cobs
  An eldritch tentacle (Pan)
  Gastronok (Lair:2)
  2 storm dragons
  A shadow dragon (Zot:4)
  Frances (D:14)
  A tengu reaver (Depths:4)
  2 sphinxes
  2 ghost moths
  5 vault wardens
  A frost giant (Vaults:5)
  2 draconian knights
  3 fire giants
  A deep elf sorcerer (Vaults:4)
  An emperor scorpion (shapeshifter) (Depths:2)
  6 emperor scorpions
  A balrug (Geh:7)
  A ghoul (Crypt:1)
  2 cacodemons (Pan)
  A draconian shifter (Zot:5)
  An ironheart preserver (Vaults:4)
  A draconian annihilator (Zot:2)
  2 stone giants
  2 reapers (Zig:5)
  3 very ugly things
  3 black draconians
  A vampire knight (Crypt:1)
  3 white draconians
  4 green draconians
  3 deep elf annihilators
  A blood saint (Pan)
  Azrael (Orc:4)
  2 purple draconians (Zot:4)
  A yellow draconian (Zot:4)
  3 mottled draconians
  5 deep elf death magi
  2 ettins
  2 green deaths (Pan)
  10 vault guards
  5 crystal guardians (Depths:2)
  A great orb of eyes (Depths:5)
  Josephine (Lair:6)
  3 hydras
  5 fire dragons
  3 jiangshi
  Fannar (Orc:2)
  A quicksilver dragon skeleton (Pan)
  6 yaktaur captains
  6 entropy weavers
  An alligator (Swamp:3)
  A spriggan air mage (Pan)
  2 monstrous demonspawn (Pan)
  4 ice dragons
  5 ogre magi
  A deep troll earth mage (Depths:4)
  9 dancing weapons
  A centaur warrior (D:13)
  A death yak (Lair:8)
  A titan zombie (Vaults:4)
  An orc high priest (Elf:3)
  2 small abominations
  3 deep troll shamans
  8 deep elf knights
  Sonja (Lair:4)
  A titan skeleton (Geh:7)
  Nergalle (D:10)
  2 soul eaters
  4 orc knights
  6 skeletal warriors
  2 iron trolls (Orc:4)
  A fire crab (Vaults:4)
  4 large abominations
  A slime creature (Vaults:2)
  6 swamp dragons (Swamp:4)
  A wizard (Pan)
  3 phantasmal warriors
  A gelid demonspawn (Pan)
  2 infernal demonspawn (Pan)
  A giant orange brain (Vaults:4)
  4 deep elf summoners
  A deep troll (shapeshifter) (Depths:2)
  7 ironbrand convokers
  An unseen horror (D:10)
  A putrid demonspawn (Pan)
  12 hill giants
  5 deep trolls
  A shadow demon (Pan)
  A golden dragon skeleton (Vaults:4)
  9 orb spiders
  16 ugly things
  An orb spider (shapeshifter) (Vaults:4)
  A deep elf conjurer (Elf:2)
  21 wolf spiders
  2 manticores
  2 stone giant zombies
  6 necromancers
  A salamander (Depths:5)
  6 cyclopes
  4 hornets
  12 elephants
  2 rust devils (Zig:5)
  7 moths of wrath
  3 sixfirhies (Pan)
  A guardian serpent (Lair:8)
  A stone giant skeleton (Geh:5)
  Joseph (Lair:1)
  3 vault sentinels
  A molten gargoyle (Geh:7)
  3 centaur zombies
  An orange demon (Pan)
  2 apis skeletons (Depths:4)
  3 smoke demons
  10 spiny frogs
  3 black mambas (Lair:8)
  A dire elephant skeleton (Tar:7)
  2 centaur skeletons (D:13)
  An efreet (D:13)
  9 demonic crawlers
  9 yaktaurs
  3 komodo dragons
  2 tormentors
  2 hellions (Pan)
  2 yaktaurs (shapeshifter)
  4 deep elf priests
  11 trolls
  A silent spectre (Abyss:1)
  A pale draconian skeleton (Crypt:1)
  6 red devils
  2 freezing wraiths (Vaults:4)
  A hellwing (Pan)
  A harpy zombie (Geh:7)
  2 giant leeches (Swamp:4)
  A polar bear (Lair:5)
  14 blink frogs
  A fire drake (Lair:3)
  A bog body (Swamp:4)
  19 jumping spiders
  11 two-headed ogres
  4 boulder beetles
  A human simulacrum (Vaults:2)
  4 raiju
  An ettin zombie (Coc:2)
  9 deep elf magi
  3 shadows
  2 air elementals (Depths:2)
  5 wraiths
  2 spriggans
  34 redbacks
  13 tarantellas
  2 fire bats (Depths:1)
  A trapdoor spider (shapeshifter) (Vaults:3)
  An ice dragon skeleton (Pan)
  4 flying skulls
  A fire elemental (Hell)
  2 basilisks
  18 deep elf fighters
  A chaos spawn (Pan)
  4 neqoxecs
  9 trapdoor spiders
  A wyvern (Lair:8)
  26 yaks
  5 vampire mosquitoes
  2 ynoxinuls (Pan)
  11 hippogriffs
  2 elf skeletons
  A swamp worm (Swamp:1)
  2 wolves (Lair:7)
  A mottled dragon (D:12)
  A warg (Vaults:4)
  5 hell hounds
  10 water moccasins
  4 ice beasts
  6 wasps
  A black bear (Lair:5)
  18 spiders
  A spiny frog skeleton (Coc:6)
  8 porcupines
  An eye of draining (D:10)
  A necrophage (Tar:7)
  5 orc warriors
  A phantom (D:13)
  2 swamp drakes
  2 sky beasts
  A snapping turtle zombie (Geh:7)
  31 ogres
  8 crocodiles
  2 human skeletons
  A centaur (Depths:1)
  A salamander zombie (Crypt:1)
  2 brain worms
  7 giant frogs
  3 earth elementals (Depths:2)
  6 killer bees
  5 wights (Geh:5)
  A scorpion (D:11)
  12 orc priests
  2 jellies
  A lava snake (D:12)
  2 hell rats (Hell)
  2 hounds
  4 iron imps
  12 orc wizards
  4 worker ants
  2 iguanas (Lair:4)
  18 sheep
  5 gnolls
  32 river rats
  6 adders (Lair:8)
  2 shadow imps
  A white imp (Coc:7)
  An ufetubus (Abyss:1)
  An adder zombie (D:9)
  26 orcs
  A kobold (D:14)
  A quokka (D:10)
  5 rats (Lair:5)
  4 bushes
  A crawling corpse (Vaults:4)
  A fire vortex (Geh:7)
  56 fungi
  40 plants
1022 creatures vanquished.

Vanquished Creatures (others)
  A golden dragon (Vaults:5)
  An Orb Guardian (Zot:5)
  An eldritch tentacle (Coc:7)
  13 orc warlords
  A frost giant (Vaults:5)
  2 draconian knights
  2 draconian scorchers
  A fire giant (Vaults:5)
  2 balrugs (Pan)
  A vault warden (Vaults:5)
  A reaper (Pan)
  A draconian shifter (Zig:13)
  2 war gargoyles
  An ironheart preserver (Vaults:5)
  4 stone giants
  A caustic shrike skeleton (Zig:6)
  A white draconian (Zig:12)
  A salamander stormcaller (Vaults:5)
  A mottled draconian (Zig:12)
  A blizzard demon (Pan)
  2 yaktaur captains (Vaults:5)
  Erolcha (D:13)
  A spriggan air mage (Depths:2)
  A dancing weapon (Depths:2)
  4 orc high priests
  A deep troll earth mage (Depths:5)
  3 orc sorcerers
  A sun demon (Pan)
  13 ball lightnings (Depths:2)
  2 wizards
  A torturous demonspawn (Pan)
  A deep elf summoner (Zig:10)
  A deep elf conjurer (Zig:10)
  A shadow dragon skeleton (Hell)
  2 giant orange brains
  52 orc knights
  A sixfirhy (Pan)
  A dire elephant zombie (Coc:2)
  2 drowned souls (Abyss:3)
  A gargoyle (Depths:2)
  2 molten gargoyles (Geh:7)
  An anaconda simulacrum (Hell)
  3 yaktaurs
  54 orc warriors
  A catoblepas skeleton (Geh:7)
  A ghost moth simulacrum (Hell)
  A two-headed ogre (Vaults:2)
  2 blink frogs (Swamp:3)
  75 orc priests
  A ynoxinul (Pan)
  A deep elf mage (Zig:10)
  2 flying skulls
  2 wraiths (Geh:7)
  A spriggan (Zig:9)
  3 water elementals
  A vampire (Dis:6)
  A golden eye (Abyss:1)
  A hippogriff (shapeshifter) (Depths:2)
  A deep elf fighter (Zig:10)
  A chaos spawn (Pan)
  A hell hound (Zig:14)
  3 centaurs (Depths:1)
  A small abomination (Abyss:3)
  33 orc wizards
  2 wights
  2 shadow imps (Tar:7)
  2 white imps (Coc:7)
  A giant gecko (D:4)
  131 orcs
  186 eldritch tentacle segments
  A fire vortex (Vaults:3)
  17 fungi
  7 lost souls
  9 plants
  6 spectral weapons
  28 starspawn tentacles (Abyss:1)
  198 starspawn tentacle segments (Abyss:1)
  12 tentacles
  738 tentacle segments
1664 creatures vanquished.

Grand Total: 6879 creatures vanquished

Notes
Turn   | Place    | Note
--------------------------------------------------------------
     0 | D:1      | xeno23 the Hill Orc Fighter began the quest for the Orb.
     0 | D:1      | Reached XP level 1. HP: 19/19 MP: 1/1
    79 | D:1      | Reached XP level 2. HP: 16/26 MP: 2/2
   589 | D:2      | Reached XP level 3. HP: 29/31 MP: 3/3
   718 | D:2      | Found a faded altar to an unknown god.
   851 | D:2      | Reached skill level 4 in Long Blades
  1044 | D:2      | Reached XP level 4. HP: 30/39 MP: 4/4
  1355 | D:3      | Reached XP level 5. HP: 32/45 MP: 5/5
  1404 | D:3      | Reached skill level 5 in Long Blades
  1451 | D:3      | Noticed Terence
  1465 | D:3      | Killed Terence
  2219 | D:4      | Reached XP level 6. HP: 29/51 MP: 6/6
  2260 | D:4      | Noticed an ogre
  2383 | D:4      | Became a worshipper of Beogh the Brigand
  2569 | D:4      | Killed an ogre
  2569 | D:4      | Reached skill level 6 in Long Blades
  2720 | D:4      | Reached skill level 5 in Armour
  2732 | D:4      | Found a radiant altar of Vehumet.
  2878 | D:4      | Reached XP level 7. HP: 40/57 MP: 7/7
  2900 | D:4      | Reached skill level 7 in Long Blades
  3078 | D:4      | Found a bloodstained altar of Trog.
  3242 | D:4      | Reached * piety under Beogh
  3351 | D:5      | Entered Level 5 of the Dungeon
  3511 | D:5      | Reached skill level 8 in Long Blades
  3902 | D:5      | Reached skill level 1 in Invocations
  4157 | D:6      | Reached XP level 8. HP: 64/64 MP: 7/9
  4455 | D:6      | Reached skill level 1 in Evocations
  4542 | D:6      | Reached ** piety under Beogh
  4547 | D:6      | Noticed a manticore
  4583 | D:6      | Reached skill level 1 in Dodging
  5073 | D:6      | Reached skill level 9 in Long Blades
  5315 | D:7      | Found a sparkling altar of Nemelex Xobeh.
  5334 | D:7      | Reached XP level 9. HP: 70/70 MP: 11/11
  5499 | D:7      | Found a staircase to the Ecumenical Temple.
  5511 | Temple   | Entered the Ecumenical Temple
  5697 | D:7      | Noticed Menkaure
  5706 | D:7      | Killed Menkaure
  5719 | D:7      | Found a sand-covered staircase.
  5728 | Ossuary  | Entered an ossuary
  5753 | Ossuary  | Reached *** piety under Beogh
  6135 | D:7      | Reached skill level 10 in Long Blades
  6275 | D:7      | Reached skill level 5 in Invocations
  6389 | D:7      | Reached **** piety under Beogh
  6509 | D:8      | Found a sacrificial altar of Ru.
  6905 | D:8      | Reached XP level 10. HP: 63/80 MP: 13/13
  7444 | D:9      | Found a shadowy altar of Dithmenos.
  7480 | D:9      | Found a staircase to the Orcish Mines.
  7642 | D:9      | Found a snail-covered altar of Cheibriados.
  7642 | D:9      | Found an ancient bone altar of Kikubaaqudgha.
  7984 | D:10     | Entered Level 10 of the Dungeon
  8043 | D:10     | Reached skill level 5 in Fighting
  8065 | D:10     | Noticed Nergalle
  8101 | D:10     | Killed Nergalle
  8101 | D:10     | Reached skill level 11 in Long Blades
  8314 | D:10     | Killed an unseen horror
  8314 | D:10     | Gained Marbaugh as an ally
  8317 | D:10     | Killed an unseen horror
  8484 | D:10     | Reached skill level 5 in Evocations
  8841 | D:10     | Found an opulent altar of Gozag.
  8940 | D:10     | Reached XP level 11. HP: 19/89 MP: 13/15
  9306 | D:10     | Noticed a manticore
  9322 | D:10     | Killed a manticore
  9463 | D:10     | Reached skill level 5 in Dodging
  9792 | D:10     | Gained mutation: You are dopey. (Int -2) [potion of mutation]
  9792 | D:10     | Gained mutation: You are agile. (Dex +2) [potion of mutation]
  9792 | D:10     | Gained mutation: Your spells are a little easier to cast, but a little less powerful. [potion of mutation]
  9808 | D:10     | Noticed Urug
  9823 | D:10     | Killed Urug
  9823 | D:10     | Reached skill level 12 in Long Blades
  9975 | D:11     | Learned a level 2 spell: Repel Missiles
  9976 | D:11     | Found Qupa's Assorted Antiques.
  9984 | D:11     | Bought a tourmaline ring for 140 gold pieces
  9984 | D:11     | Bought a scroll of identify for 56 gold pieces
  9984 | D:11     | Bought a scroll of identify for 56 gold pieces
  9993 | D:11     | Found Ewkibij's Book Shop.
 10044 | D:11     | Found Rizubeju's Weapon Shop.
 10074 | D:11     | Gained mutation: You are partially covered in rough black scales (AC +4, Dex -1). [potion of mutation]
 10074 | D:11     | Gained mutation: Your system is resistant to poisons. [potion of mutation]
 10166 | D:11     | Found Quyc's Antique Weapon Boutique.
 10174 | D:11     | Bought a scimitar for 112 gold pieces
 10249 | D:11     | Killed an unseen horror
 10283 | D:11     | Found a staircase to the Lair.
 10436 | Lair:1   | Entered Level 1 of the Lair of Beasts
 10446 | Lair:1   | Reached ***** piety under Beogh
 10599 | Lair:1   | Noticed Joseph
 10607 | Lair:1   | Killed Joseph
 11298 | Lair:2   | Reached skill level 1 in Charms
 11455 | Lair:2   | Noticed Gastronok
 11469 | Lair:2   | Killed Gastronok
 11469 | Lair:2   | Reached skill level 13 in Long Blades
 11469 | Lair:2   | Reached XP level 12. HP: 100/100 MP: 15/17
 12001 | Lair:3   | Got a steaming long sword
 12002 | Lair:3   | Identified the +11 long sword "Duxorun" {slice, MP+9} (You found it on level 3 of the Lair of Beasts)
 12048 | Lair:3   | Found a frozen archway.
 12060 | IceCv    | Entered an ice cave
 12121 | IceCv    | Reached skill level 10 in Armour
 12730 | IceCv    | Got a smoking robe
 12741 | IceCv    | Identified the cursed +1 robe of Impermeability {rCorr Int+3 Stlth+} (You found it in an ice cave)
 13268 | Lair:3   | Noticed a four-headed hydra
 13271 | Lair:3   | Killed a four-headed hydra
 13406 | Lair:4   | Noticed Sonja
 13419 | Lair:4   | Killed Sonja
 13419 | Lair:4   | Reached skill level 14 in Long Blades
 13579 | Lair:4   | Reached ****** piety under Beogh
 13607 | Lair:4   | Reached XP level 13. HP: 110/110 MP: 18/18
 13612 | Lair:4   | Gained Bogmar as an ally
 14617 | Lair:5   | Found a hole to the Spider Nest.
 14980 | Lair:6   | Noticed Josephine
 14993 | Lair:6   | Killed Josephine
 15149 | Lair:6   | Got a pitted steel ring
 15151 | Lair:6   | Identified the ring of Ascent {rF+ MP+9 SInv} (You found it on level 6 of the Lair of Beasts)
 15258 | Lair:6   | Found a staircase to the Swamp.
 16010 | Lair:7   | Gained Wargrak as an ally
 16013 | Lair:7   | Found a staircase to the Slime Pits.
 16034 | Lair:7   | Gained Olfik as an ally
 16702 | Lair:8   | Entered Level 8 of the Lair of Beasts
 16739 | Lair:8   | Reached skill level 5 in Charms
 16853 | Lair:8   | Gained Bogward as an ally
 17070 | Lair:8   | Reached skill level 10 in Fighting
 17125 | Lair:8   | Reached skill level 15 in Long Blades
 17125 | Lair:8   | Reached XP level 14. HP: 83/121 MP: 20/20
 18157 | D:11     | Bought a +0 halberd of chopping for 96 gold pieces
 18240 | D:11     | Bought a book of Battle for 600 gold pieces
 18242 | D:11     | Learned a level 1 spell: Infusion
 18406 | Lair:5   | Got a steaming chain mail
 18417 | Lair:5   | Identified the +8 chain mail of Plasticity {rPois rCorr Slay-5} (You found it on level 5 of the Lair of Beasts)
 18677 | Orc:1    | Entered Level 1 of the Orcish Mines
 18952 | Orc:2    | Gained Zorug as an ally
 19296 | Orc:2    | Noticed Fannar
 19308 | Orc:2    | Killed Fannar
 19383 | Orc:2    | Gained Thorok as an ally
 20161 | Orc:4    | Entered Level 4 of the Orcish Mines
 20230 | Orc:4    | Found a labyrinth entrance.
 20236 | Lab      | Entered a labyrinth
 20357 | Lab      | Found an exit through the horrors of the Abyss.
 20584 | Lab      | Identified a +2 rod of destruction (13/13) (You found it in a labyrinth)
 20639 | Orc:4    | Noticed Azrael
 20649 | Orc:4    | Killed Azrael
 20742 | Orc:4    | Found Suduaghu's Magic Scroll Emporium.
 20755 | Orc:4    | Gained Arbeogh as an ally
 20758 | Orc:4    | Your ally Zorug died
 20764 | Orc:4    | Gained Boldo as an ally
 20770 | Orc:4    | Gained Nordag as an ally
 20771 | Orc:4    | Found Couhuuf's Food Emporium.
 20772 | Orc:4    | Found Naviuvef's Jewellery Shop.
 20774 | Orc:4    | Found Xiepe's Jewellery Shoppe.
 20798 | Orc:4    | Bought a scroll of teleportation for 42 gold pieces
 20798 | Orc:4    | Bought a scroll of fear for 49 gold pieces
 20798 | Orc:4    | Bought a scroll of blinking for 105 gold pieces
 20798 | Orc:4    | Bought a scroll of fear for 49 gold pieces
 20838 | Orc:4    | Bought the ring "Esyitien" {rPois AC+3 Str+4} for 690 gold pieces
 20892 | Orc:4    | Found Eleru's Jewellery Shoppe.
 20899 | Orc:4    | Found a staircase to the Elven Halls.
 21493 | D:12     | Found a shattered altar of Ashenzari.
 21795 | D:12     | Reached skill level 10 in Evocations
 21836 | D:12     | Reached XP level 15. HP: 91/129 MP: 15/22
 21879 | D:12     | Noticed a fire giant
 21885 | D:12     | Reached skill level 16 in Long Blades
 21885 | D:12     | Your ally Nordag died
 21886 | D:12     | Your ally Olfik died
 21888 | D:12     | Killed a fire giant
 21924 | D:12     | Got a shimmering glass ring
 21936 | D:12     | Identified the ring of Bican {rF+ EV+4 Str+6 Dex+3} (You found it on level 12 of the Dungeon)
 21954 | D:12     | Got a crude bardiche
 21960 | D:12     | Identified the +10 bardiche of Favimm {drain, rC+ MP+9 Int+4 SInv} (You found it on level 12 of the Dungeon)
 21969 | D:12     | Got a smoking great mace
 21970 | D:12     | Identified the +4 great mace of Capital Punishment {antimagic, Dex+5} (You found it on level 12 of the Dungeon)
 21981 | D:12     | Got an ancient hand crossbow
 21982 | D:12     | Identified the +3 hand crossbow of Death {flame, Str+4} (You found it on level 12 of the Dungeon)
 21985 | D:12     | Got a crystal dagger
 21986 | D:12     | Identified the +6 dagger "Ymosch" {flame, rElec} (You found it on level 12 of the Dungeon)
 22585 | D:13     | Noticed a frost giant
 22594 | D:13     | Killed a frost giant
 22600 | D:13     | Your ally Bogward died
 22784 | D:13     | Found a gate to the Vaults.
 22798 | D:13     | Gained Borgoth as an ally
 22830 | D:13     | Killed Erolcha
 23237 | D:13     | Got a pair of ancient gloves
 23248 | D:13     | Identified the +1 pair of gloves "Quivviu Jusy" {Int+7} (You found it on level 13 of the Dungeon)
 23523 | D:14     | Noticed Maud
 23530 | D:14     | Killed Maud
 23565 | D:14     | Found a portal to a secret trove of treasure.
 23597 | D:14     | Noticed Frances
 23612 | D:14     | Killed Frances
 23838 | D:15     | Entered Level 15 of the Dungeon
 23974 | D:15     | Found Hafaa's Antique Weapon Boutique.
 24009 | D:15     | Found a staircase to the Depths.
 24145 | D:15     | Reached XP level 16. HP: 139/139 MP: 23/23
 24332 | D:15     | Reached skill level 17 in Long Blades
 24751 | D:11     | Bought a scroll of identify for 56 gold pieces
 24751 | D:11     | Bought a scroll of identify for 56 gold pieces
 24752 | D:11     | Bought a crooked silver wand for 112 gold pieces
 24752 | D:11     | Bought a twisted blue amulet for 140 gold pieces
 25005 | D:12     | Got a translucent chain mail
 25016 | D:12     | Identified the +5 chain mail "Xajaneh" {Stlth+} (You found it on level 12 of the Dungeon)
 25321 | Spider:1 | Entered Level 1 of the Spider Nest
 25357 | Spider:1 | Got a dazzling rapier
 25369 | Spider:1 | Identified the +3 rapier "Camy" {venom, rC+ rN+} (You found it on level 1 of the Spider Nest)
 25981 | Spider:1 | Lost mutation: You are dopey. (Int -2) [potion of mutation]
 25981 | Spider:1 | Gained mutation: You expend magic power (3 MP) to strengthen your wands. [potion of mutation]
 25981 | Spider:1 | Gained mutation: You tend to lose your temper in combat. [potion of mutation]
 26044 | Spider:2 | Gained Bladwarg as an ally
 26076 | Spider:2 | Your ally Bladwarg died
 26084 | Spider:2 | Gained Wargath as an ally
 26088 | Spider:2 | Your ally Bogmar died
 26191 | Spider:2 | Gained Bogward as an ally
 26244 | Spider:2 | Your ally Wargrak died
 27143 | Spider:3 | Gained Boghold as an ally
 27143 | Spider:3 | Reached skill level 10 in Dodging
 27423 | Spider:3 | Your ally Boghold died
 27584 | Spider:4 | Entered Level 4 of the Spider Nest
 27844 | Spider:4 | Noticed Arachne
 27851 | Spider:4 | Killed Arachne
 27851 | Spider:4 | Reached skill level 18 in Long Blades
 27856 | Spider:4 | Your ally Bogward died
 27858 | Spider:4 | Reached XP level 17. HP: 90/149 MP: 1/24
 27888 | Spider:4 | Reached skill level 15 in Armour
 28143 | Spider:4 | Gained mutation: You have a somewhat thin skeletal structure (Dex +2, Stealth). [potion of mutation]
 28143 | Spider:4 | Gained mutation: Your body sometimes deteriorates upon taking damage. [potion of mutation]
 28143 | Spider:4 | Gained mutation: You have a pair of small horns on your head. [potion of mutation]
 28160 | Spider:4 | Got a gossamer rune of Zot
 28580 | Spider:4 | Gained Alork as an ally
 28880 | Swamp:1  | Entered Level 1 of the Swamp
 29098 | Swamp:1  | Gained Jorge as an ally
 29115 | Swamp:1  | Got a faintly glowing iron amulet
 29118 | Swamp:1  | Identified the amulet "Ihiuh" {Ward rN+ Str+4 SInv} (You found it on level 1 of the Swamp)
 29209 | Swamp:1  | Your ally Jorge died
 29218 | Swamp:1  | Gained Wulfoc as an ally
 29917 | Swamp:2  | Identified the Volume of Gliding Combat Magic
 30822 | Swamp:3  | Reached skill level 19 in Long Blades
 30879 | Swamp:3  | Learned a level 2 spell: Blink
 30990 | Swamp:3  | Reached skill level 5 in Shields
 31034 | Swamp:3  | Got an ancient leather armour
 31045 | Swamp:3  | Identified the +1 leather armour of Kyarghevi {Str+2} (You found it on level 3 of the Swamp)
 31311 | Swamp:4  | Entered Level 4 of the Swamp
 31618 | Swamp:4  | Reached XP level 18. HP: 159/159 MP: 25/25
 31668 | Swamp:4  | Got a warped chain mail
 31690 | Swamp:4  | Identified the cursed +0 chain mail of Kunoim {rElec Regen+ Dex-4} (You found it on level 4 of the Swamp)
 31789 | Swamp:4  | Noticed the 27-headed Lernaean hydra
 31804 | Swamp:4  | Killed the 23-headed Lernaean hydra
 31857 | Swamp:4  | Your ally Wulfoc died
 32004 | Swamp:4  | Reached skill level 10 in Shields
 32040 | Swamp:4  | Got a decaying rune of Zot
 32691 | Lair:1   | Upgraded the game from 0.17.0-27-g4a3f43e to 0.17.0-28-g6e173f8
 32709 | Lair:1   | Learned a level 2 spell: Song of Slaying
 32713 | Lair:1   | Learned a level 3 spell: Regeneration
 32717 | Lair:1   | Learned a level 3 spell: Spectral Weapon
 32900 | Elf:1    | Entered Level 1 of the Elven Halls
 32947 | Elf:1    | Reached skill level 1 in Translocations
 32980 | Elf:1    | Noticed Agnes
 32993 | Elf:1    | Killed Agnes
 32993 | Elf:1    | Reached skill level 1 in Necromancy
 33811 | Elf:1    | Noticed a Hell Sentinel
 33823 | Elf:1    | Gained Nordag as an ally
 34512 | Elf:2    | Found a huge runed gate.
 34512 | Elf:2    | Found a huge runed gate.
 34512 | Elf:2    | Found a huge runed gate.
 34512 | Elf:2    | Found a huge runed gate.
 34513 | Elf:2    | Found a huge runed gate.
 35128 | Elf:2    | Reached XP level 19. HP: 103/166 MP: 26/26
 35286 | Elf:3    | Entered Level 3 of the Elven Halls
 35456 | Elf:3    | Cast into the Abyss (a deep elf demonologist)
 35596 | Abyss:1  | Noticed a bone dragon
 35723 | Abyss:1  | Reached skill level 5 in Necromancy
 35905 | Abyss:1  | Reached skill level 5 in Translocations
 35945 | Abyss:1  | Got a warped scimitar
 36011 | Abyss:1  | Identified the +10 scimitar of Fapumaz {slice, Str+4} (You found it on level 1 of the Abyss)
 36140 | Abyss:1  | Gained mutation: You are frail (-10% HP). [a neqoxec]
 36142 | Abyss:1  | Gained mutation: You are very frail (-20% HP). [a neqoxec]
 36432 | Abyss:1  | Got a translucent plate armour
 36443 | Abyss:1  | Identified the +1 plate armour of Hopscotch {+Inv rN+ Str+4} (You found it on level 1 of the Abyss)
 36556 | Abyss:1  | Gained Marbaugh as an ally
 36582 | Abyss:1  | Noticed a bone dragon
 36599 | Abyss:1  | Killed a bone dragon
 37090 | Abyss:1  | Reached skill level 15 in Shields
 37092 | Abyss:1  | Noticed a bone dragon
 37109 | Abyss:1  | Killed a bone dragon
 37185 | Abyss:1  | Reached XP level 20. HP: 138/138 MP: 27/27
 37337 | Abyss:1  | Gained Bogwald as an ally
 37350 | Abyss:1  | Paralysed by accursed screaming for 1 turns
 37358 | Abyss:1  | Paralysed by accursed screaming for 1 turns
 37527 | Abyss:1  | Gained mutation: You are extremely frail (-30% HP). [a neqoxec]
 37642 | Abyss:1  | Your ally Bogwald died
 37661 | Abyss:1  | Noticed an ancient lich
 37670 | Abyss:1  | Killed an ancient lich
 37995 | Elf:3    | Escaped the Abyss
 37997 | Elf:3    | Your ally Borgoth died
 38000 | Elf:3    | Gained Brunolf as an ally
 38033 | Elf:3    | Your ally Brunolf died
 38167 | Elf:3    | Cast into the Abyss (a deep elf demonologist)
 38178 | Abyss:1  | Found a bloodstained altar of Trog.
 38528 | Abyss:1  | Paralysed by accursed screaming for 2 turns
 38730 | Abyss:1  | Gained Korbok as an ally
 38832 | Abyss:1  | Gained mutation: You are occasionally teleported to nearby monsters. [a neqoxec]
 38854 | Abyss:1  | Found a sacrificial altar of Ru.
 38902 | Elf:3    | Escaped the Abyss
 38942 | Elf:3    | Gained mutation: Your magical capacity is low (-10% MP). [a neqoxec]
 38973 | Elf:3    | Reached XP level 21. HP: 123/127 MP: 26/26
 38980 | Elf:3    | Got a faintly glowing war axe {venom}
 39045 | Elf:3    | Identified the cursed +1 war axe of Lies {venom, Dex+3} (You took it off a deep elf knight on level 3 of the Elven Halls)
 39119 | Elf:3    | Reached skill level 20 in Long Blades
 39289 | Elf:3    | Reached skill level 15 in Fighting
 39391 | Elf:3    | Got an ivory morningstar {flame}
 39392 | Elf:3    | Identified the +8 morningstar "Woekker" {flame, +Inv rN++ MR+ Str-5} (You took it off a deep elf death mage on level 3 of the Elven Halls)
 39472 | Elf:3    | Got a crude falchion {speed}
 39474 | Elf:3    | Identified the +5 falchion of the Original Sin {speed, rElec rN+ MR- Str+3} (You took it off a deep elf death mage on level 3 of the Elven Halls)
 39611 | Elf:3    | Learned a level 1 spell: Apportation
 39738 | Elf:3    | Learned a level 4 spell: Passage of Golubria
 40395 | Lair:1   | Lost mutation: Your body sometimes deteriorates upon taking damage. [potion of cure mutation]
 40395 | Lair:1   | Lost mutation: You are agile. (Dex +2) [potion of cure mutation]
 40395 | Lair:1   | Lost mutation: Your system is resistant to poisons. [potion of cure mutation]
 40395 | Lair:1   | Lost mutation: You tend to lose your temper in combat. [potion of cure mutation]
 40395 | Lair:1   | Lost mutation: You are occasionally teleported to nearby monsters. [potion of cure mutation]
 40396 | Lair:1   | Lost mutation: Your spells are a little easier to cast, but a little less powerful. [potion of cure mutation]
 40396 | Lair:1   | Lost mutation: You are partially covered in rough black scales (AC +4, Dex -1). [potion of cure mutation]
 40396 | Lair:1   | Lost mutation: You have a pair of small horns on your head. [potion of cure mutation]
 40396 | Lair:1   | Lost mutation: You have a somewhat thin skeletal structure (Dex +2, Stealth). [potion of cure mutation]
 40396 | Lair:1   | Lost mutation: Your magical capacity is low (-10% MP). [potion of cure mutation]
 40504 | Vaults:1 | Entered Level 1 of the Vaults
 40697 | Vaults:1 | Gained Warrok as an ally
 41225 | Vaults:2 | Identified the Almanac of Confrontation and Air
 41684 | Vaults:2 | Gained Murdo as an ally
 41994 | Vaults:2 | Found Birien's Magic Scroll Boutique.
 41998 | Vaults:2 | Bought a scroll of recharging for 142 gold pieces
 41998 | Vaults:2 | Bought a scroll of fear for 52 gold pieces
 41998 | Vaults:2 | Bought a scroll of blinking for 112 gold pieces
 41998 | Vaults:2 | Bought a scroll of fog for 30 gold pieces
 41998 | Vaults:2 | Bought a scroll of enchant armour for 112 gold pieces
 42855 | Vaults:3 | Found a staircase to the Crypt.
 42894 | Vaults:3 | Noticed Donald
 42905 | Vaults:3 | Killed Donald
 43080 | Vaults:3 | Reached XP level 22. HP: 67/135 MP: 22/29
 43396 | Vaults:3 | Reached skill level 21 in Long Blades
 43745 | Vaults:4 | Gained Olfik as an ally
 43825 | Vaults:4 | Your ally Olfik died
 43844 | Vaults:4 | Gained Wargath as an ally
 43879 | Vaults:4 | Your ally Warrok died
 44069 | Vaults:4 | Your ally Wargath died
 44563 | Vaults:4 | Your ally Nordag died
 45042 | Vaults:4 | Paralysed by an ogre mage for 6 turns
 45284 | Vaults:5 | Entered Level 5 of the Vaults
 45292 | Vaults:5 | Your ally Boldo died
 45527 | Vaults:5 | Your ally Alork died
 45527 | Vaults:5 | Your ally Murdo died
 45531 | Vaults:5 | Gained Arkwar as an ally
 45536 | Vaults:5 | Your ally Marbaugh died
 45538 | Vaults:5 | Reached skill level 22 in Long Blades
 45540 | Vaults:5 | Reached XP level 23. HP: 79/142 MP: 23/30
 45540 | Vaults:5 | Your ally Arkwar died
 45560 | Vaults:5 | Your ally Wargath died
 45561 | Vaults:5 | Your ally Thorok died
 45563 | Vaults:5 | Your ally Arbeogh died
 45564 | Vaults:5 | Gained Arbolt as an ally
 45564 | Vaults:5 | Gained Bogmar as an ally
 45568 | Vaults:5 | Your ally Arbolt died
 45568 | Vaults:5 | Your ally Bogmar died
 45633 | Vaults:5 | Identified the Handbook of the Glacier and Conjuration
 46152 | Vaults:5 | Paralysed by a sphinx for 2 turns
 46672 | Vaults:5 | Got a slimy brass ring
 46674 | Vaults:5 | Identified the ring "Cunkizukk" {+Fly EV+2 Str+4 Int+2 Slay+3} (You found it on level 5 of the Vaults)
 46910 | Vaults:5 | Got a silver rune of Zot
 47240 | Vaults:5 | Found Daraup's Book Emporium.
 47631 | Vaults:4 | Gained Borgk as an ally
 48144 | Depths:1 | Entered Level 1 of the Depths
 48163 | Depths:1 | Noticed Aizul
 48168 | Depths:1 | Killed Aizul
 48442 | Depths:1 | Found a gateway to Hell.
 48456 | Depths:1 | Reached skill level 23 in Long Blades
 48558 | Depths:1 | Reached XP level 24. HP: 64/151 MP: 26/31
 48709 | Depths:1 | Found a one-way gate leading to the halls of Pandemonium.
 49244 | Depths:2 | Identified a +9 rod of ignition (11/11) (You found it on level 2 of the Depths)
 49251 | Depths:2 | Got an ebony rapier
 49254 | Depths:2 | Got an ancient cloak
 49265 | Depths:2 | Identified the +0 cloak "Kiov Das" {rElec rN+} (You found it on level 2 of the Depths)
 49448 | Depths:2 | Your ally Borgk died
 49989 | Depths:2 | Gained mutation: Your mind is acute. (Int +2) [potion of mutation]
 49989 | Depths:2 | Gained mutation: You are partially covered in molten scales (AC +1). [potion of mutation]
 49989 | Depths:2 | Gained mutation: Armour fits poorly on your strangely shaped body. [potion of mutation]
 50031 | Depths:2 | Gained mutation: You are partially covered in slimy green scales (AC +2). [potion of mutation]
 50031 | Depths:2 | Gained mutation: Your body sometimes deteriorates upon taking damage. [potion of mutation]
 50032 | Depths:2 | Lost mutation: You are extremely frail (-30% HP). [potion of mutation]
 50032 | Depths:2 | Lost mutation: You are very frail (-20% HP). [potion of mutation]
 50032 | Depths:2 | Gained mutation: Your spells are a little easier to cast, but a little less powerful. [potion of mutation]
 50033 | Depths:2 | Gained mutation: You are occasionally teleported to nearby monsters. [potion of mutation]
 50033 | Depths:2 | Lost mutation: Your mind is acute. (Int +2) [potion of mutation]
 50033 | Depths:2 | Gained mutation: You are partially covered in iridescent scales (AC +4). [potion of mutation]
 50223 | Depths:2 | Gained mutation: You possess an exceptional clarity of mind. [potion of mutation]
 50224 | Depths:2 | Gained mutation: Your system is resistant to poisons. [potion of mutation]
 50224 | Depths:2 | Gained mutation: You are clumsy. (Dex -2) [potion of mutation]
 50408 | Depths:2 | Lost mutation: You possess an exceptional clarity of mind. [potion of cure mutation]
 50408 | Depths:2 | Lost mutation: Armour fits poorly on your strangely shaped body. [potion of cure mutation]
 50408 | Depths:2 | Lost mutation: You expend magic power (3 MP) to strengthen your wands. [potion of cure mutation]
 50408 | Depths:2 | Lost mutation: Your body sometimes deteriorates upon taking damage. [potion of cure mutation]
 50470 | Depths:2 | Identified the Volume of the Displaced Entourage (You found it on level 2 of the Depths)
 50510 | Depths:2 | Lost mutation: You are clumsy. (Dex -2) [potion of cure mutation]
 50510 | Depths:2 | Lost mutation: You are partially covered in molten scales (AC +1). [potion of cure mutation]
 50510 | Depths:2 | Lost mutation: Your spells are a little easier to cast, but a little less powerful. [potion of cure mutation]
 50510 | Depths:2 | Lost mutation: You are frail (-10% HP). [potion of cure mutation]
 50828 | Depths:3 | Found Itsidiw's Book Shop.
 50836 | Depths:3 | Noticed an ancient lich
 50836 | Depths:3 | Found a gateway to a ziggurat.
 50846 | Depths:3 | Killed an ancient lich
 50885 | Depths:3 | Reached skill level 24 in Long Blades
 50885 | Depths:3 | Reached XP level 25. HP: 102/225 MP: 25/33
 50912 | Depths:3 | Identified a +0 rod of shadows (3/12) (You took it off a frost giant on level 3 of the Depths)
 50941 | Zig:1    | Entered Level 1 of a ziggurat
 51097 | Zig:2    | Entered Level 2 of a ziggurat
 51125 | Zig:3    | Entered Level 3 of a ziggurat
 51227 | Zig:4    | Entered Level 4 of a ziggurat
 51282 | Zig:4    | Identified the Compendium of the Compass (You found it on level 4 of a ziggurat)
 51310 | Zig:5    | Entered Level 5 of a ziggurat
 51378 | Zig:5    | Reached XP level 26. HP: 78/234 MP: 29/33
 51392 | Zig:5    | Identified a +5 rod of the swarm (13/13) (You found it on level 5 of a ziggurat)
 51453 | Zig:6    | Entered Level 6 of a ziggurat
 51625 | Zig:6    | Got a scorched sapphire amulet
 51629 | Zig:6    | Identified the amulet "Poaqer" {Stasis Int+4 Dex+6 Stlth+} (You found it on level 6 of a ziggurat)
 51646 | Zig:6    | Got an ancient long sword
 51647 | Zig:6    | Identified the +6 long sword "Ikhuaneg" {pain, rN+ Int+4 Dex+3} (You found it on level 6 of a ziggurat)
 51806 | Zig:7    | Entered Level 7 of a ziggurat
 51915 | Zig:7    | Got a faintly humming scale mail
 51926 | Zig:7    | Identified the cursed +0 scale mail "Ujoeheyv" {rElec MR+} (You found it on level 7 of a ziggurat)
 51972 | Zig:8    | Entered Level 8 of a ziggurat
 52064 | Zig:8    | Identified the Disquisition on Conjuration and Flight
 52071 | Zig:8    | Reached XP level 27. HP: 162/243 MP: 33/34
 52079 | Zig:8    | Got a brightly glowing wooden ring
 52085 | Zig:8    | Got a dazzling hat
 52097 | Zig:8    | Identified the cursed +0 hat of Heresy {rElec MR- rCorr Int-3} (You found it on level 8 of a ziggurat)
 52120 | Zig:8    | Identified the ring of the Messenger {rF++ Str+2 Int+4} (You found it on level 8 of a ziggurat)
 52143 | Zig:9    | Entered Level 9 of a ziggurat
 52283 | Zig:10   | Entered Level 10 of a ziggurat
 52290 | Zig:10   | Identified a scroll of acquirement
 52324 | Zig:10   | Reached skill level 15 in Evocations
 52414 | Zig:11   | Entered Level 11 of a ziggurat
 52554 | Zig:11   | Got a bound lead ring
 52557 | Zig:11   | Identified the ring of Sin {rN+ EV+3} (You found it on level 11 of a ziggurat)
 52564 | Zig:11   | Got a glittering brass ring
 52565 | Zig:11   | Identified the ring of Autumn {rElec rPois rF- rN+ Stlth-} (You found it on level 11 of a ziggurat)
 52630 | Zig:12   | Entered Level 12 of a ziggurat
 52677 | Zig:12   | Cast into the Abyss (green draconian caller)
 52678 | Abyss:1  | Noticed a bone dragon
 52695 | Abyss:1  | Killed a bone dragon
 52702 | Abyss:1  | Learned a level 5 spell: Phase Shift
 52772 | Abyss:1  | Noticed a bone dragon
 52786 | Abyss:1  | Killed a bone dragon
 52798 | Abyss:1  | Gained mutation: You occasionally shout uncontrollably at your foes. [a neqoxec]
 52821 | Abyss:1  | Reached skill level 25 in Long Blades
 52882 | Abyss:1  | Gained mutation: Your muscles are strong. (Str +2) [potion of beneficial mutation]
 52971 | Zig:12   | Escaped the Abyss
 53154 | Zig:13   | Entered Level 13 of a ziggurat
 53214 | Zig:13   | Reached skill level 15 in Dodging
 53309 | Zig:13   | Identified A Thorough Guide to Thaumaturgy (You found it on level 13 of a ziggurat)
 53420 | Zig:14   | Entered Level 14 of a ziggurat
 53464 | Zig:14   | Got an ancient brass ring
 54051 | Depths:3 | Found a gateway to a bazaar.
 54070 | Bazaar   | Entered a bazaar
 54088 | Bazaar   | Found Solatomm's Magic Scroll Shoppe.
 54088 | Bazaar   | Found Rerot's Antique Armour Emporium.
 54099 | Bazaar   | Bought a scroll of identify for 20 gold pieces
 54099 | Bazaar   | Bought a scroll of identify for 20 gold pieces
 54099 | Bazaar   | Bought a scroll of teleportation for 30 gold pieces
 54099 | Bazaar   | Bought a scroll of magic mapping for 35 gold pieces
 54099 | Bazaar   | Bought a scroll of teleportation for 30 gold pieces
 54099 | Bazaar   | Bought a scroll of identify for 20 gold pieces
 54099 | Bazaar   | Bought a scroll of fog for 20 gold pieces
 54099 | Bazaar   | Bought a scroll of identify for 20 gold pieces
 54110 | Bazaar   | Found Redoist's Weapon Shoppe.
 54110 | Bazaar   | Found Raquy's Armour Emporium.
 54131 | Bazaar   | Found Cuvyonn's Weapon Emporium.
 54301 | Depths:4 | Identified the ring "Etzafreexe" {rN+ MR+} (You found it on level 14 of a ziggurat)
 54396 | Depths:4 | Noticed Louise
 54415 | Depths:4 | Killed Louise
 54635 | Depths:4 | Gained Agrik as an ally
 54637 | Depths:4 | Your ally Agrik died
 54638 | Depths:4 | Found a basalt altar of Yredelemnul.
 54701 | Depths:4 | Gained Jorge as an ally
 54755 | Depths:4 | Gained Learuk as an ally
 54895 | Depths:4 | Found a one-way gate to the infinite horrors of the Abyss.
 54918 | Depths:4 | Your ally Learuk died
 54928 | Depths:4 | Your ally Jorge died
 55170 | Depths:4 | Gained Ugrim as an ally
 55317 | Depths:4 | Your ally Ugrim died
 55318 | Depths:4 | Reached skill level 26 in Long Blades
 55320 | Depths:4 | Gained Harm as an ally
 55329 | Depths:4 | Your ally Harm died
 55582 | Depths:4 | Gained Bogrim as an ally
 56104 | Depths:4 | Your ally Bogrim died
 56583 | D:14     | You paid a toll of 21 scrolls of identify to enter a treasure trove
 56584 | Trove    | Entered a treasure trove
 56637 | Trove    | Got a wavering lapis lazuli ring
 56644 | Trove    | Got a pitted glaive
 56650 | Trove    | Identified the +10 glaive "Hell-Harrower" {flame, Int+5} (You found it in a treasure trove)
 56652 | Trove    | Got a vibrating turquoise ring
 56656 | Trove    | Got a pair of warped boots
 56675 | Trove    | Identified the +1 pair of boots of Protective Custody {+Fly Int+2 Dex+3} (You found it in a treasure trove)
 56676 | Trove    | Identified the ring of Moderation {MR++ EV+1} (You found it in a treasure trove)
 56678 | Trove    | Identified the ring "Cyiwn" {Wiz Int+4} (You found it in a treasure trove)
 56868 | Lair:1   | Gained mutation: You passively map a small area around you. [potion of beneficial mutation]
 57103 | Slime:1  | Entered Level 1 of the Pits of Slime
 57207 | Slime:2  | Gained Rocco as an ally
 57228 | Slime:2  | Your ally Rocco died
 57322 | Slime:1  | Gained mutation: You expend magic power (3 MP) to strengthen your wands. [a shining eye]
 57463 | Slime:6  | Entered Level 6 of the Pits of Slime
 57477 | Slime:6  | Noticed BLOAX's ghost (adept GrFi)
 57723 | Slime:6  | Noticed the royal jelly
 58129 | Slime:6  | Killed BLOAX's ghost
 58129 | Slime:6  | Reached skill level 27 in Long Blades
 58140 | Slime:6  | Killed the royal jelly
 58699 | Slime:6  | Identified the Disquisition on Feathery Protection
 58714 | Slime:6  | Got a sparkling brass ring
 58725 | Slime:6  | Got a slimy rune of Zot
 58774 | Slime:6  | Identified the Tome of Air and Attacks
 58820 | Slime:6  | Identified the ring of the Archfiend {+Fly rC- Str+8} (You found it on level 6 of the Pits of Slime)
 59403 | Depths:5 | Entered Level 5 of the Depths
 59403 | Depths:5 | Noticed Sojobo
 59426 | Depths:5 | Reached skill level 1 in Spellcasting
 59433 | Depths:5 | Killed Sojobo
 59459 | Depths:5 | Noticed Xtahua
 59467 | Depths:5 | Noticed a juggernaut
 59475 | Depths:5 | Killed a juggernaut
 59487 | Depths:5 | Killed Xtahua
 59492 | Depths:5 | Noticed a juggernaut
 59510 | Depths:5 | Killed a juggernaut
 59510 | Depths:5 | Reached skill level 10 in Necromancy
 59519 | Depths:5 | Gained Boldo as an ally
 59589 | Depths:5 | Found Dirph's Pet Rocks.
 59632 | Depths:5 | Found a gate to the Realm of Zot.
 59666 | Depths:5 | Reached skill level 10 in Charms
 59764 | Depths:5 | Noticed Boris
 59777 | Depths:5 | Killed Boris
 60052 | Zot:1    | Entered Level 1 of the Realm of Zot
 60881 | Zot:2    | Gained Spirok as an ally
 61779 | Zot:2    | Reached skill level 5 in Spellcasting
 62154 | Zot:3    | Gained Beowulf as an ally
 62165 | Zot:3    | Noticed Sar's ghost (legendary CeSk)
 62204 | Zot:3    | Killed Sar's ghost
 62739 | Zot:1    | Reached skill level 1 in Hexes
 63610 | Zot:4    | Reached skill level 1 in Crossbows
 63631 | Zot:4    | Your ally Spirok died
 63648 | Zot:4    | Your ally Beowulf died
 64437 | Zot:5    | Entered Level 5 of the Realm of Zot
 64513 | Zot:5    | Your ally Boldo died
 64843 | Zot:5    | Noticed an ancient lich
 64844 | Zot:5    | Noticed an orb of fire
 64844 | Zot:5    | Noticed an orb of fire
 64851 | Zot:5    | Noticed an ancient lich
 64852 | Zot:5    | Noticed an ancient lich
 64853 | Zot:5    | Noticed an orb of fire
 64855 | Zot:5    | Killed an ancient lich
 64855 | Zot:5    | Gained mutation: You sometimes yell uncontrollably at your foes. [an orb of fire]
 64860 | Zot:5    | Killed an ancient lich
 64860 | Zot:5    | Killed an orb of fire
 64860 | Zot:5    | Reached skill level 5 in Hexes
 64862 | Zot:5    | Noticed an ancient lich
 64865 | Zot:5    | Reached skill level 5 in Crossbows
 64867 | Zot:5    | Killed an orb of fire
 64867 | Zot:5    | Killed an ancient lich
 64868 | Zot:5    | Killed an orb of fire
 64868 | Zot:5    | Reached skill level 10 in Translocations
 64874 | Zot:5    | Killed an ancient lich
 65016 | Zot:5    | Noticed an orb of fire
 65022 | Zot:5    | Noticed an ancient lich
 65023 | Zot:5    | Noticed an orb of fire
 65025 | Zot:5    | Killed an orb of fire
 65033 | Zot:5    | Killed an ancient lich
 65034 | Zot:5    | Gained Horkud as an ally
 65036 | Zot:5    | Killed an orb of fire
 65042 | Zot:5    | Your ally Horkud died
 65987 | Vaults:4 | Gained Wargrak as an ally
 65987 | Vaults:4 | Gained Orik as an ally
 66617 | Depths:4 | Voluntarily entered the Abyss.
 66619 | Abyss:1  | Found a corrupted altar of Lugonu.
 66834 | Abyss:2  | Found a corrupted altar of Lugonu.
 67069 | Abyss:3  | Found a corrupted altar of Lugonu.
 67099 | Abyss:3  | Found a corrupted altar of Lugonu.
 67209 | Abyss:3  | Gained Brandogh as an ally
 67209 | Abyss:3  | Gained Orik as an ally
 67253 | Abyss:3  | Your ally Orik died
 67266 | Abyss:3  | Your ally Brandogh died
 67350 | Abyss:3  | Found an ancient bone altar of Kikubaaqudgha.
 67423 | Abyss:3  | Got an abyssal rune of Zot
 67641 | Depths:4 | Escaped the Abyss
 68075 | Crypt:1  | Entered Level 1 of the Crypt
 68152 | Crypt:1  | Noticed Jory
 68161 | Crypt:1  | Killed Jory
 68176 | Crypt:1  | Your ally Orik died
 68180 | Crypt:1  | Gained Gorg as an ally
 68251 | Crypt:1  | Noticed Boris
 68258 | Crypt:1  | Killed Boris
 68287 | Crypt:1  | Noticed Mara
 68300 | Crypt:1  | Killed Mara
 68391 | Crypt:1  | Noticed Jorgrun
 68401 | Crypt:1  | Killed Jorgrun
 68748 | Crypt:2  | Your ally Gorg died
 69294 | Crypt:2  | Reached skill level 10 in Crossbows
 69321 | Crypt:3  | Entered Level 3 of the Crypt
 69541 | Crypt:3  | Found an ancient bone altar of Kikubaaqudgha.
 69953 | Crypt:3  | Gained Ugbert as an ally
 70447 | Crypt:3  | Found a staircase to the Tomb.
 70447 | Crypt:3  | Noticed Khufu
 70455 | Crypt:3  | Killed Khufu
 70459 | Crypt:3  | Lost mutation: You sometimes yell uncontrollably at your foes. [potion of mutation]
 70459 | Crypt:3  | Gained mutation: You are agile. (Dex +2) [potion of mutation]
 70459 | Crypt:3  | Gained mutation: Your muscles are very strong. (Str +4) [potion of mutation]
 71923 | Pan      | Entered Pandemonium
 72114 | Pan      | Your ally Ugbert died
 72291 | Pan      | Found an exit through the horrors of the Abyss.
 72503 | Pan      | Found an exit through the horrors of the Abyss.
 72580 | Pan      | Gained Bogbrand as an ally
 72612 | Pan      | Entered the realm of Mnoleg.
 73185 | Pan      | Found an exit through the horrors of the Abyss.
 73404 | Pan      | Gained Boldo as an ally
 73446 | Pan      | Noticed Mnoleg
 73463 | Pan      | Killed Mnoleg
 73500 | Pan      | Got a glowing rune of Zot
 73637 | Pan      | Noticed Ymealuem the pandemonium lord
 73688 | Pan      | Found a runed door.
 73799 | Pan      | Your ally Bogbrand died
 73977 | Pan      | Your ally Wargrak died
 74112 | Pan      | Found a huge runed gate.
 74156 | Pan      | Found an exit through the horrors of the Abyss.
 74193 | Pan      | Entered the realm of Lom Lobon.
 74193 | Pan      | Noticed Lom Lobon
 74202 | Pan      | Killed Lom Lobon
 74260 | Pan      | Got a magical rune of Zot
 74300 | Pan      | Your ally Boldo died
 74527 | Pan      | Found an exit through the horrors of the Abyss.
 74638 | Pan      | Noticed Futuis the pandemonium lord
 74926 | Pan      | Gained Gorbash as an ally
 74937 | Pan      | Your ally Gorbash died
 75100 | Pan      | Gained Borgk as an ally
 75198 | Pan      | Your ally Borgk died
 75248 | Pan      | Found an exit through the horrors of the Abyss.
 75467 | Pan      | Gained mutation: Your body sometimes deteriorates upon taking damage. [potion of mutation]
 75467 | Pan      | Lost mutation: You occasionally shout uncontrollably at your foes. [potion of mutation]
 75467 | Pan      | Lost mutation: You are occasionally teleported to nearby monsters. [potion of mutation]
 75509 | Pan      | Gained Bogwik as an ally
 75523 | Pan      | Your ally Bogwik died
 75535 | Pan      | Noticed Veowyj the pandemonium lord
 75800 | Pan      | Noticed Ohaps the pandemonium lord
 75901 | Pan      | Reached skill level 15 in Translocations
 76055 | Pan      | Got a demonic rune of Zot
 76116 | Pan      | Noticed Duijor the pandemonium lord
 76133 | Pan      | Killed Duijor the pandemonium lord
 76401 | Pan      | Gained mutation: Your magical capacity is low (-10% MP). [a cacodemon]
 76421 | Pan      | Gained mutation: You tend to lose your temper in combat. [a neqoxec]
 76515 | Pan      | Found an exit through the horrors of the Abyss.
 76732 | Pan      | Noticed Toipim the pandemonium lord
 76741 | Pan      | Paralysed by a giant eyeball for 4 turns
 76751 | Pan      | Paralysed by a giant eyeball for 4 turns
 76760 | Pan      | Killed Toipim the pandemonium lord
 76922 | Pan      | Found an exit through the horrors of the Abyss.
 76975 | Pan      | Entered the realm of Cerebov.
 77074 | Pan      | Found an exit through the horrors of the Abyss.
 77105 | Pan      | Reached skill level 15 in Crossbows
 77696 | Pan      | Noticed Cerebov
 78166 | Pan      | Killed Cerebov
 78237 | Pan      | Got a fiery rune of Zot
 78261 | Pan      | Got a coiled ivory ring
 78263 | Pan      | Identified the ring of Juh Eqe {*Confuse rF+ Dex+2 Stlth+} (You found it in Pandemonium)
 78269 | Pan      | Identified the Volume of the Entourage
 78331 | Pan      | Identified the Handbook of the Harmful Snowflakes
 78333 | Pan      | Identified a +4 rod of inaccuracy (10/10) (You found it in Pandemonium)
 78394 | Pan      | Learned a level 5 spell: Dispel Undead
 78693 | Pan      | Entered the realm of Gloorx Vloq.
 78742 | Pan      | Found an exit through the horrors of the Abyss.
 78931 | Pan      | Noticed Gloorx Vloq
 79424 | Pan      | Gained Borgoth as an ally
 79630 | Pan      | Killed Gloorx Vloq
 79644 | Pan      | Got a dark rune of Zot
 79851 | Pan      | Took an exit into the Abyss.
 79851 | Abyss:1  | Escaped into the Abyss
 80078 | Abyss:1  | Noticed an ancient lich
 80084 | Abyss:1  | Killed an ancient lich
 80137 | Depths:4 | Escaped the Abyss
 80216 | Hell     | Entered the Vestibule of Hell
 80216 | Hell     | Noticed Geryon
 80233 | Hell     | Killed Geryon
 80284 | Hell     | Gained Brandogh as an ally
 80285 | Hell     | Your ally Brandogh died
 80332 | Hell     | Gained Borgoth as an ally
 80585 | Hell     | Found a gateway to the ashen valley of Gehenna.
 80626 | Geh:1    | Entered Level 1 of Gehenna
 81016 | Geh:5    | Gained Morbeogh as an ally
 81171 | Geh:5    | Gained Bogrim as an ally
 81223 | Geh:5    | Your ally Bogrim died
 81277 | Geh:7    | Entered Level 7 of Gehenna
 81380 | Geh:7    | Gained Orgrim as an ally
 81380 | Geh:7    | Gained Olfik as an ally
 81395 | Geh:7    | Your ally Orgrim died
 81401 | Geh:7    | Your ally Olfik died
 81848 | Geh:7    | Gained Blodwig as an ally
 81863 | Geh:7    | Your ally Borgoth died
 82056 | Geh:7    | Got a pair of bloodstained gloves
 82067 | Geh:7    | Identified the +2 pair of gloves of the Sturgeon {rC+ Str+2 Int+3 Dex+4} (You found it on level 7 of Gehenna)
 82104 | Geh:7    | Your ally Borgoth died
 82105 | Geh:7    | Noticed Asmodeus
 82106 | Geh:7    | Your ally Morbeogh died
 82106 | Geh:7    | Your ally Blodwig died
 82146 | Geh:7    | Killed Asmodeus
 82190 | Geh:7    | Got an obsidian rune of Zot
 82590 | Hell     | Found a gateway to the decaying netherworld of Tartarus.
 82635 | Tar:1    | Entered Level 1 of Tartarus
 82995 | Tar:6    | Reached skill level 27 in Armour
 83019 | Tar:6    | Gained mutation: Armour fits poorly on your strangely shaped body. [mutagenic glow]
 83073 | Tar:6    | Gained mutation: You often lose your temper in combat. [mutagenic glow]
 83125 | Tar:6    | Gained mutation: Your magical capacity is very low (-20% MP). [mutagenic glow]
 83235 | Tar:7    | Entered Level 7 of Tartarus
 83370 | Tar:7    | Got a glittering golden amulet
 83372 | Tar:7    | Identified the amulet "Diujastro" {Ward +Blink rF- rN+ Str-4 Dex+8} (You found it on level 7 of Tartarus)
 83456 | Tar:7    | Gained Murdo as an ally
 83482 | Tar:7    | Gained Alork as an ally
 83557 | Tar:7    | Noticed the Serpent of Hell
 83565 | Tar:7    | Your ally Alork died
 83573 | Tar:7    | Killed the Serpent of Hell
 83635 | Tar:7    | Noticed Ereshkigal
 83636 | Tar:7    | Gained Zorug as an ally
 83645 | Tar:7    | Your ally Zorug died
 83653 | Tar:7    | Killed Ereshkigal
 83701 | Tar:7    | Noticed an ancient lich
 83715 | Tar:7    | Your ally Murdo died
 83721 | Tar:7    | Killed an ancient lich
 84043 | Tar:7    | Noticed an ancient lich
 84043 | Tar:7    | Noticed an ancient lich
 84050 | Tar:7    | Killed an ancient lich
 84057 | Tar:7    | Killed an ancient lich
 84073 | Tar:7    | Got a steaming iron ring
 84077 | Tar:7    | Identified the ring of Lotas {Int+6 SInv} (You found it on level 7 of Tartarus)
 84113 | Tar:7    | Got a clouded lead ring
 84188 | Tar:7    | Got a bone rune of Zot
 84385 | Hell     | Found a gateway to the freezing wastes of Cocytus.
 84449 | Coc:1    | Entered Level 1 of Cocytus
 84694 | Coc:2    | Gained Hawl as an ally
 84732 | Coc:4    | You fall through a shaft!
 84867 | Coc:6    | Reached skill level 27 in Fighting
 85009 | Coc:6    | Gained Okrist as an ally
 85033 | Coc:6    | Your ally Okrist died
 85071 | Coc:7    | Entered Level 7 of Cocytus
 85136 | Coc:7    | Identified the ring of the Barracuda {+/*Tele rC+ MP+9 Str+3} (You took it off a skeletal warrior on level 7 of Tartarus)
 85550 | Coc:7    | Gained mutation: Your spells are a little easier to cast, but a little less powerful. [mutagenic glow]
 85749 | Coc:7    | Got a scorched lapis lazuli ring
 85751 | Coc:7    | Identified the ring of Agnosticism {Ice +Inv} (You found it on level 7 of Cocytus)
 85755 | Coc:7    | Got a bound bone ring
 85756 | Coc:7    | Identified the cursed ring of Raibat {Str-2 Int+4 SInv} (You found it on level 7 of Cocytus)
 86066 | Coc:7    | Learned a level 1 spell: Summon Butterflies
 86126 | Coc:7    | Your ally Hawl died
 86133 | Coc:7    | Gained Bogdar as an ally
 86209 | Coc:7    | HP: 1/273 [elemental wellspring/great wave of water (29)]
 86216 | Coc:7    | Your ally Bogdar died
 86466 | Coc:7    | Noticed Antaeus
 86484 | Coc:7    | Killed Antaeus
 86484 | Coc:7    | Reached skill level 15 in Necromancy
 86508 | Coc:7    | Got a warped tin ring
 86585 | Coc:7    | Got an icy rune of Zot
 86587 | Coc:7    | Identified the cursed ring "Anem" {rElec Str-4 Dex-4 SInv} (You took it off a skeletal warrior on level 7 of Cocytus)
 86713 | Hell     | Found a gateway to the Iron City of Dis.
 86728 | Dis:1    | Entered Level 1 of the Iron City of Dis
 87137 | Dis:7    | Entered Level 7 of the Iron City of Dis
 87822 | Dis:7    | HP: 11/270 [Brimstone Fiend/blast of hellfire (36)]
 87838 | Dis:7    | HP: 3/273 [Brimstone Fiend/blast of hellfire (40)]
 87934 | Dis:7    | Got a warped ivory amulet
 87936 | Dis:7    | Identified the amulet of Dopporada {Stasis rF+ Dex+4} (You found it on level 7 of the Iron City of Dis)
 87950 | Dis:7    | Identified the Compendium of Fiery Damage Dealing
 88554 | Dis:7    | HP: 12/273 [Brimstone Fiend/blast of hellfire (16)]
 88554 | Dis:7    | Killed from afar by a Hell Sentinel

Action                   |  1- 3 |  4- 6 |  7- 9 | 10-12 | 13-15 | 16-18 | 19-21 | 22-24 | 25-27 || total
-------------------------+-------+-------+-------+-------+-------+-------+-------+-------+-------++-------
Melee: Long sword        |   136 |   258 |   640 |   382 |       |       |       |       |       ||  1416
       Scimitar          |       |       |       |   175 |     8 |    43 |       |       |       ||   226
       Double sword      |       |       |       |    52 |   854 |  1000 |  1539 |  1345 |  2740 ||  7530
       Morningstar       |       |       |       |       |       |       |     6 |       |       ||     6
       Eudemon blade     |       |       |       |       |       |       |       |       |  3523 ||  3523
       Great sword       |       |       |       |       |       |       |       |       |  1433 ||  1433
 Fire: Heavy crossbow    |       |       |       |       |       |       |       |       |     3 ||     3
Throw: Javelin           |       |       |       |     1 |     3 |       |       |       |       ||     4
 Cast: Infusion          |       |       |       |       |     1 |     4 |    12 |    18 |    33 ||    68
       Repel Missiles    |       |       |       |       |     1 |     4 |    10 |     8 |    37 ||    60
       Regeneration      |       |       |       |       |       |     8 |    33 |    40 |   352 ||   433
       Passage of Golubr |       |       |       |       |       |       |     8 |       |     3 ||    11
       Blink             |       |       |       |       |       |       |       |     1 |     1 ||     2
       Song of Slaying   |       |       |       |       |       |       |       |     2 |    22 ||    24
       Apportation       |       |       |       |       |       |       |       |     1 |     2 ||     3
       Phase Shift       |       |       |       |       |       |       |       |       |    24 ||    24
       Spectral Weapon   |       |       |       |       |       |       |       |       |     8 ||     8
       Summon Butterflie |       |       |       |       |       |       |       |       |     1 ||     1
Invok: Convert to Beogh  |       |     1 |       |       |       |       |       |       |       ||     1
       Recall Orcish Fol |       |       |       |     9 |    16 |     9 |     2 |    10 |    20 ||    66
       Smiting           |       |       |       |     3 |       |       |       |     4 |    57 ||    64
       Give Item to Name |       |       |       |     1 |     5 |     6 |     2 |     2 |     9 ||    25
       Stop Recall       |       |       |       |     1 |     3 |     8 |       |     2 |     3 ||    17
 Abil: Stop Flying       |       |       |       |       |       |       |       |     1 |     1 ||     2
       Evoke Flight      |       |       |       |       |       |       |       |       |     7 ||     7
Evoke: Wand              |       |       |     2 |     3 |    27 |    12 |     3 |    13 |    48 ||   108
       Rod               |       |       |       |       |     8 |     3 |       |     1 |    23 ||    35
       Sack of spiders   |       |       |       |       |       |       |     3 |       |     1 ||     4
       Box of beasts     |       |       |       |       |       |       |       |       |     2 ||     2
  Use: Scroll            |       |       |    18 |    12 |    10 |     7 |     6 |     7 |    82 ||   142
       Potion            |       |       |     2 |     8 |     4 |     5 |     3 |    22 |    38 ||    82
 Stab: Distracted        |       |       |     1 |     9 |     9 |    11 |     6 |    12 |    44 ||    92
       Paralysed         |       |       |     1 |       |       |       |       |       |       ||     1
       Confused          |       |       |       |       |       |     1 |       |       |     1 ||     2
       Invisible         |       |       |       |       |       |       |     1 |     3 |     3 ||     7
  Eat: Chunk             |    12 |     7 |    13 |    21 |    31 |    26 |    23 |     8 |    22 ||   163
       Royal jelly       |       |       |     3 |       |     1 |       |       |       |     6 ||    10
       Pizza             |       |       |     1 |       |     3 |       |     1 |       |     3 ||     8
       Beef jerky        |       |       |       |     1 |       |     3 |       |       |    12 ||    16
       Fruit             |       |       |       |     1 |       |       |       |       |    17 ||    18
       Meat ration       |       |       |       |       |     1 |     2 |     4 |     5 |    26 ||    38
       Bread ration      |       |       |       |       |       |     1 |     2 |     2 |    21 ||    26
